 Dungeon Sprint DCSS version 0.25.0-46-gbd7b0854d2 (webtiles) character file.

Game seed: 1733931060998897171

410826 MordorOrchid the Genius of the Arcane (level 21, -6/202 HPs)
             Began as a Gnoll Venom Mage on July 17, 2020.
             Was the Champion of Sif Muna.
             Splashed by an acid blob's acid (11 damage)
             ... in the Dungeon (Sprint IX: "|||||||||||||||||||||||||||||").
             The game lasted 01:45:12 (5620 turns).

MordorOrchid the Genius of the Arcane (GnVM)        Turns: 5620, Time: 01:45:13

Health: -6/202     AC:  6    Str: 15    XL:     21   Next: 75%
Magic:  49/51      EV: 33    Int: 35    God:    Sif Muna [******]
Gold:   85         SH: 12    Dex: 17    Spells: 4/73 levels left

rFire    + . .     SeeInvis .   x - staff of energy
rCold    . . .     Gourm    .   b - +1 buckler {rF+}
rNeg     + . .     Faith    .   D - +2 robe {Archmagi}
rPois    .         Spirit   .   n - +0 helmet {Int+3}
rElec    .         Reflect  .   Q - +1 cloak
rCorr    .         Harm     .   m - +0 pair of gloves
MR       +....     NoTele   +   (no boots)
Stlth    +++++++++.             Y - amulet "Cedur" {RegenMP Fragile rN+ Dex+2}
HPRegen  0.43/turn              Z - +6 ring of intelligence
MPRegen  0.57/turn              C - ring of the Serpent {Wiz Int+2}

@: corroded
A: distributed training, fangs 1, strong nose
}: 6/17 runes: decaying, serpentine, barnacled, elven, silver, gossamer
a: Channel Magic, Forget Spell, Divine Exegesis, Renounce Religion


You were in the Dungeon.
You worshipped Sif Muna.
Sif Muna was exalted by your worship.
You were not hungry.

You visited 1 branch You collected 1961 gold pieces.
You spent 1876 gold pieces at shops.

Inventory:

Hand Weapons
 a - a +2 scimitar of flaming
 j - the +5 double sword "Yghuch" {freeze, MP+9 Int-4 Dex+4 SInv}
   (You found it in the Dungeon)

   It has been specially enchanted to freeze those struck by it, causing extra
   injury to most foes and up to half again as much damage against particularly
   susceptible opponents.
   It can also slow down cold-blooded creatures.
   It affects your intelligence (-4).
   It affects your dexterity (+4).
   It affects your magic capacity (+9).
   It lets you see invisible.
 r - a +9 trishula of holy wrath
 y - a +9 rapier of venom
Missiles
 f - 38 silver javelins
 s - 26 javelins (quivered)
 S - 185 bolts
Armour
 b - a +1 buckler of fire resistance (worn)
 m - a +0 pair of gloves (worn)
 n - a +0 helmet of intelligence (worn)
 q - +4 swamp dragon scales
 D - a +2 robe of the Archmagi (worn)
 F - a +0 tower shield of reflection
 Q - a +1 cloak (worn)
 T - a +2 scale mail of magic resistance
 U - a +0 kite shield
 V - a +0 cloak of preservation
Magical Staves
 x - an uncursed staff of energy (weapon)
 O - an uncursed staff of cold
Jewellery
 o - the ring of Nuarph Udim {rF+ rN+}
   (You found it in the Dungeon)

   [ring of positive energy]

   It protects you from fire.
   It protects you from negative energy.
 A - an uncursed ring of ice
 C - the ring of the Serpent (right hand) {Wiz Int+2}
   (You found it in the Dungeon)

   [ring of wizardry]

   It improves your spell success rate.
   It affects your intelligence (+2).
 M - an uncursed ring of protection from magic
 N - an uncursed ring of see invisible
 W - a +6 ring of strength
 X - the amulet of Fucloh {Reflect rC- Str+7 Dex+3 SH+5}
   (You found it in the Dungeon)

   [amulet of reflection]

   It shields you and reflects attacks.
   It affects your strength (+7).
   It affects your dexterity (+3).
   It makes you vulnerable to cold.
   It affects your SH (+5).
 Y - the amulet "Cedur" (around neck) {RegenMP Fragile rN+ Dex+2}
   (You found it in the Dungeon)

   [amulet of magic regeneration]

   It increases your magic regeneration.
   It affects your dexterity (+2).
   It protects you from negative energy.
   It will be destroyed if unequipped.
 Z - a +6 ring of intelligence (left hand)
Wands
 l - a wand of acid (10)
 E - a wand of clouds (2)
 K - a wand of iceblast (27)
Scrolls
 i - 4 scrolls of blinking
 k - a scroll of amnesia
 t - 3 scrolls of enchant armour
 u - 7 scrolls of remove curse
 v - 3 scrolls of fear
 w - 6 scrolls of fog
 I - a scroll of vulnerability
 R - 6 scrolls of identify
Potions
 d - 7 potions of curing
 e - 19 potions of heal wounds
 g - 10 potions of magic
 h - 2 potions of berserk rage
 p - a potion of lignification {unknown}
 z - 4 potions of mutation
 B - a potion of stabbing
 L - 4 potions of might
 P - 6 potions of haste
Miscellaneous
 H - a lightning rod (4/4)
 J - 2 phantom mirrors
Comestibles
 c - 11 rations
 G - 9 chunks of flesh


   Skills:
 + Level 26.5 Fighting
 + Level 26.5 Short Blades
 + Level 26.5 Long Blades
 + Level 26.5 Axes
 + Level 26.5 Maces & Flails
 + Level 26.5 Polearms
 + Level 26.5 Staves
 + Level 26.5 Slings
 + Level 26.5 Bows
 + Level 26.5 Crossbows
 + Level 26.5 Throwing
 + Level 26.5 Armour
 + Level 26.7 Dodging
 + Level 26.6 Stealth
 + Level 26.5 Shields
 + Level 26.5 Unarmed Combat
 + Level 26.7 Spellcasting
 + Level 23.1 Conjurations
 + Level 23.1 Hexes
 + Level 23.1 Charms
 + Level 23.1 Summonings
 + Level 23.1 Necromancy
 + Level 23.1 Translocations
 + Level 23.1 Transmutations
 + Level 23.1 Fire Magic
 + Level 23.1 Ice Magic
 + Level 23.1 Air Magic
 + Level 23.1 Earth Magic
 + Level 23.4 Poison Magic
 O Level 27 Invocations
 + Level 26.5 Evocations


You had 4 spell levels left.
You knew the following spells:

 Your Spells              Type           Power        Failure   Level  Hunger
a - Sting                 Tmut/Pois      ####         0%          1    None
d - Ignite Poison         Fire/Tmut/Pois ########     0%          3    None
f - Ignition              Fire           ########..   1%          8    None
g - Mephitic Cloud        Conj/Pois/Air  ########     0%          3    None
j - Summon Lightning Spi  Summ/Air       ########     0%          4    None
l - Freezing Cloud        Conj/Ice/Air   ########..   0%          6    None
n - Necromutation         Tmut/Necr      ########..   1%          8    None
p - Poisonous Vapours     Pois/Air       ######       0%          2    None
r - Irradiate             Conj/Tmut      ########..   0%          5    None
s - Spellforged Servitor  Conj/Summ      ########..   1%          7    None
x - Blink                 Tloc           N/A          0%          2    None
E - Borgnjor's Vile Clut  Necr/Erth      ########..   0%          5    None
L - Absolute Zero         Ice            ########..   1%          9    None
Y - Statue Form           Tmut/Erth      ########.    0%          6    None

Your spell library contained the following spells:

 Spells                   Type           Power        Failure   Level  Hunger
 Animate Skeleton         Necr           N/A          0%          1    None
 Apportation              Tloc           ######       0%          1    None
 Beastly Appendage        Tmut           ######       0%          1    None
 Corona                   Hex            #######      0%          1    None
 Foxfire                  Conj/Fire      ####         0%          1    None
 Freeze                   Ice            ####         0%          1    None
 Infusion                 Chrm           ####         0%          1    None
 Magic Dart               Conj           ####         0%          1    None
 Pain                     Necr           ####         0%          1    None
 Sandblast                Erth           ######       0%          1    None
 Shock                    Conj/Air       ####         0%          1    None
 Summon Butterflies       Summ           ########     0%          1    None
 Summon Small Mammal      Summ           ####         0%          1    None
 Call Imp                 Summ           ########     0%          2    None
 Corpse Rot               Necr/Air       N/A          0%          2    None
 Ensorcelled Hibernation  Hex/Ice        ######       0%          2    None
 Passwall                 Tmut/Erth      ########     0%          2    None
 Searing Ray              Conj           ######       0%          2    None
 Shroud of Golubria       Chrm/Tloc      ######       0%          2    None
 Slow                     Hex            ########     0%          2    None
 Song of Slaying          Chrm           ########     0%          2    None
 Sticks to Snakes         Tmut           ########     0%          2    None
 Sublimation of Blood     Necr           ########..   0%          2    None
 Swiftness                Chrm/Air       ########     0%          2    None
 Call Canine Familiar     Summ           ########     0%          3    None
 Confusing Touch          Hex            ########     0%          3    None
 Conjure Flame            Conj/Fire      ########     0%          3    None
 Dazzling Flash           Conj/Hex       ######       0%          3    None
 Frozen Ramparts          Ice            ######       0%          3    None
 Gell's Gravitas          Tloc           ########..   0%          3    None
 Inner Flame              Hex/Fire       ########     0%          3    None
 Lesser Beckoning         Tloc           ########..   0%          3    None
 Ozocubu's Armour         Chrm/Ice       ########     0%          3    None
 Portal Projectile        Hex/Tloc       ######       0%          3    None
 Recall                   Summ/Tloc      N/A          0%          3    None
 Spectral Weapon          Hex/Chrm       ########     0%          3    None
 Spider Form              Tmut/Pois      ########..   0%          3    None
 Static Discharge         Conj/Air       ########     0%          3    None
 Stone Arrow              Conj/Erth      ######       0%          3    None
 Summon Guardian Golem    Hex/Summ       ########     0%          3    None
 Teleport Other           Tloc           ########     0%          3    None
 Tukima's Dance           Hex            ########     0%          3    None
 Vampiric Draining        Necr           ########..   0%          3    None
 Airstrike                Air            ########..   0%          4    None
 Animate Dead             Necr           N/A          0%          4    None
 Cause Fear               Hex            ########..   0%          4    None
 Dispel Undead            Necr           ########     0%          4    None
 Fulminant Prism          Conj/Hex       ########..   0%          4    None
 Hailstorm                Conj/Ice       ########     0%          4    None
 Ice Form                 Ice/Tmut       ########     0%          4    None
 Iskenderun's Mystic Bla  Conj/Tloc      ########     0%          4    None
 Leda's Liquefaction      Hex/Erth       ########..   0%          4    None
 Olgreb's Toxic Radiance  Pois           ########     0%          4    None
 Passage of Golubria      Tloc           N/A          0%          4    None
 Petrify                  Tmut/Erth      ########     0%          4    None
 Sticky Flame             Conj/Fire      ########     0%          4    None
 Summon Ice Beast         Ice/Summ       ########     0%          4    None
 Agony                    Necr           ########     0%          5    None
 Alistair's Intoxication  Tmut/Pois      ########     0%          5    None
 Aura of Abjuration       Summ           ########..   0%          5    None
 Blade Hands              Tmut           ########..   0%          5    None
 Bolt of Magma            Conj/Fire/Erth ########..   0%          5    None
 Excruciating Wounds      Chrm/Necr      ########..   0%          5    None
 Fireball                 Conj/Fire      ########..   0%          5    None
 Iskenderun's Battlesphe  Conj/Chrm      ########     0%          5    None
 Lee's Rapid Deconstruct  Erth           ########..   0%          5    None
 Lightning Bolt           Conj/Air       ########..   0%          5    None
 Metabolic Englaciation   Hex/Ice        ########..   0%          5    None
 Silence                  Hex/Air        ########..   0%          5    None
 Summon Demon             Summ           ########..   0%          5    None
 Summon Forest            Summ/Tloc      ########..   0%          5    None
 Summon Mana Viper        Hex/Summ       ########     0%          5    None
 Yara's Violent Unravell  Hex/Tmut       ########..   0%          5    None
 Conjure Ball Lightning   Conj/Air       ########..   0%          6    None
 Darkness                 Hex            ########..   0%          6    None
 Death Channel            Necr           ########..   0%          6    None
 Dispersal                Tloc           ########..   0%          6    None
 Eringya's Noxious Bog    Tmut/Pois      ########..   0%          6    None
 Hydra Form               Tmut           ########..   0%          6    None
 Invisibility             Hex            ########     0%          6    None
 Iron Shot                Conj/Erth      ########..   0%          6    None
 Ozocubu's Refrigeration  Ice            ########..   0%          6    None
 Shadow Creatures         Summ           N/A          0%          6    None
 Simulacrum               Ice/Necr       ########..   0%          6    None
 Starburst                Conj/Fire      ########..   0%          6    None
 Dragon Form              Tmut           ########..   1%          7    None
 Haunt                    Necr/Summ      ########..   1%          7    None
 Malign Gateway           Summ/Tloc      ########..   1%          7    None
 Monstrous Menagerie      Summ           ########..   1%          7    None
 Orb of Destruction       Conj           ########..   1%          7    None
 Ring of Flames           Chrm/Fire      ########..   1%          7    None
 Summon Greater Demon     Summ           ########..   1%          7    None
 Summon Hydra             Summ           ########..   1%          7    None
 Borgnjor's Revivificati  Necr           ########..   1%          8    None
 Chain Lightning          Conj/Air       ########..   1%          8    None
 Controlled Blink         Tloc           N/A          1%          8    None
 Death's Door             Chrm/Necr      ########..   1%          8    None
 Discord                  Hex            ########..   1%          8    None
 Disjunction              Tloc           ########..   1%          8    None
 Infestation              Necr           ########..   1%          8    None
 Lehudib's Crystal Spear  Conj/Erth      ########..   1%          8    None
 Summon Horrible Things   Summ           ########..   1%          8    None
 Dragon's Call            Summ           ########..   1%          9    None
 Fire Storm               Conj/Fire      ########..   1%          9    None
 Shatter                  Erth           ########..   1%          9    None
 Tornado                  Air            ########..   1%          9    None


Dungeon Overview and Level Annotations

Branches:
Dungeon (1/1)

Altars:
Cheibriados
Dithmenos
Elyvilon
Fedhas
Gozag
Hepliaklqana
Kikubaaqudgha
Makhleb
Nemelex Xobeh
Okawaru
Qazlal
Ru
Sif Muna
Trog
Uskayaw
Vehumet
Wu Jian
Xom
Yredelemnul
Zin
The Shining One
Beogh
Jiyva
Lugonu

Shops:
D (}?(


Innate Abilities, Weirdness & Mutations

Your experience applies equally to all skills.
You have very sharp teeth.
Your uncanny sense of smell can sniff out nearby items.


Message History

The acid blob shaped block of ice is splashed with acid.
The acid corrodes the acid blob shaped block of ice!
The acid blob hits the acid blob shaped block of ice!!
The acid blob shaped block of ice is destroyed!
You see here a +0 dagger.
Items here: ))) [[ †
Items here: ))) [[ †† The acid blob spits acid at you.
The splash of acid hits you.
* * * LOW HITPOINT WARNING * * *
The acid corrodes you!
You are splashed with acid!
* * * LOW HITPOINT WARNING * * *
Things that are here:
a +0 short sword; a +0 ring mail; an elf skeleton You feel less invigorated.
The acid blob spits acid at you. The splash of acid hits you!
* * * LOW HITPOINT WARNING * * *
You are splashed with acid!
You die...

)))[........[÷.)....'[......)..))
▓▓▓▓▓▓▓▓▓▓▓▓▓▓▓▓▓▓▓▓▓▓▓▓▓▓▓▓▓▓▓▓▓
.................................
▓▓▓▓▓▓▓▓▓▓▓▓▓▓▓▓▓▓▓▓▓▓▓▓▓▓▓▓▓▓▓▓▓
...........')'.'.'...)..).'......
▓▓▓▓▓▓▓▓▓▓▓▓▓▓▓▓▓▓▓▓▓▓▓▓▓▓▓▓▓▓▓▓▓
.................................
▓▓▓▓▓▓▓▓▓▓▓▓▓▓▓▓▓▓▓▓♣♣♣♣♣♣♣♣♣♣♣♣▓
..........J)).))@))'(..))()))))'.
▓▓▓▓▓▓▓▓▓▓▓▓▓▓▓▓▓▓▓▓♣♣♣♣♣♣♣♣♣♣♣♣▓
,,,,,,,,,,,,,,,,,,,,,,,,,,,,,,,,,
*********************************
,∆,,,,,+,,,,,,,,,+,,,,,,,,,,+,,,,
*********************************
,,,,,,,,,,,,,,,,,,,,,,,,,,,,,,,,,
*********************************
,+,+,,,,,,,,,,,,,,,,,,,,,,,,,,,,,


You could see an acid blob.

Vanquished Creatures
  4 orbs of fire (D)
  11 ancient liches (D)
  Mennas (D)
  Boris (D)
  Frederick (D)
  A Killer Klown (D)
  Margery (D)
  Xtahua (D)
  Nikola (D)
  Jory (D)
  A bone dragon (D)
  3 electric golems (D)
  4 tentacled monstrosities (D)
  29 Orb Guardians (D)
  A lich (D)
  3 deep elf blademasters (D)
  4 acid blobs (D)
  2 deep elf master archers (D)
  Kirke (D)
  A tengu reaver (D)
  2 draconian monks (D)
  7 nagarajas (D)
  6 shadow dragons (D)
  4 storm dragons (D)
  Ilsuiw (D)
  3 frost giants (D)
  A draconian knight (D)
  2 deep elf sorcerers (D)
  A fire giant (D)
  5 emperor scorpions (D)
  3 vault wardens (D)
  2 draconian scorchers (D)
  A draconian shifter (D)
  3 draconian stormcallers (D)
  3 draconian annihilators (D)
  8 stone giants (D)
  2 green draconians (D)
  3 black draconians (D)
  6 vampire knights (D)
  2 deep elf annihilators (D)
  A yellow draconian (D)
  Azrael (D)
  A white draconian (D)
  A spark wasp (D)
  4 purple draconians (D)
  2 deep elf death magi (D)
  4 merfolk javelineers (D)
  4 ettins (D)
  2 death oozes (D)
  Josephine (D)
  4 merfolk impalers (D)
  2 fire dragons (D)
  5 yaktaur captains (D)
  3 deep elf high priests (D)
  A great orb of eyes (D)
  7 ice dragons (D)
  A rakshasa (D)
  4 hydras (D)
  3 centaur warriors (D)
  23 vault guards (D)
  A merfolk avatar (D)
  2 death knights (D)
  A merfolk aquamancer (D)
  2 alligators (D)
  4 ogre magi (D)
  2 vampire magi (D)
  2 shock serpents (D)
  A deep troll shaman (D)
  A spriggan berserker (D)
  An orc high priest (D)
  3 hell knights (D)
  A sea snake (D)
  A skeletal warrior (D)
  A swamp dragon (D)
  A glowing orange brain (D)
  A spriggan druid (D)
  2 deep elf archers (D)
  A naga ritualist (D)
  A deep elf mage (D)
  An ironbrand convoker (D)
  A harpy (D)
  An orb spider (D)
  6 orc knights (D)
  2 manticores (D)
  2 wolf spiders (D)
  A wolf spider (shapeshifter) (D)
  2 cyclopes (D)
  2 vault sentinels (D)
  A salamander (D)
  12 moths of wrath (D)
  Joseph (D)
  Maurice (D)
  3 black mambas (D)
  4 guardian serpents (D)
  A naga mage (D)
  3 spiny frogs (D)
  4 yaktaurs (D)
  2 komodo dragons (D)
  3 demonic crawlers (D)
  4 merfolk (D)
  A jumping spider (D)
  4 tyrant leeches (D)
  A polar bear (D)
  A troll (D)
  A hornet (D)
  5 blink frogs (D)
  2 hippogriffs (D)
  2 snapping turtles (D)
  5 wraiths (D)
  11 spriggans (D)
  3 redbacks (D)
  A spriggan (shapeshifter) (D)
  2 tarantellas (D)
  2 basilisks (D)
  2 fire elementals (D)
  A human (D)
  A golden eye (D)
  Grum (D)
  A hog (D)
  An insubstantial wisp (D)
  2 water moccasins (D)
  3 acid dragons (D)
  2 hell hounds (D)
  A floating eye (D)
  2 porcupines (D)
  A black bear (D)
  A black bear (shapeshifter) (D)
  An ogre (D)
  21 orc warriors (D)
  2 wolves (D)
  2 centaurs (D)
  2 crocodiles (D)
  3 bullfrogs (D)
  A crimson imp (D)
  2 jellies (D)
  5 orc priests (D)
  5 orc wizards (D)
  A worker ant (D)
  2 adders (D)
  A shadow imp (D)
  2 worms (D)
  2 orcs (D)
  2 kobolds (D)
  A quokka (D)
  A bat simulacrum (D)
  A leopard gecko skeleton (D)
  3 rats (D)
  21 blocks of ice (D)
438 creatures vanquished.

Vanquished Creatures (collateral kills)
  A Killer Klown (D)
  A tengu reaver (D)
  3 shadow dragons (D)
  2 nagarajas (D)
  2 emperor scorpions (D)
  A stone giant (D)
  An entropy weaver (shapeshifter) (D)
  A red draconian (D)
  A merfolk impaler (D)
  A fire dragon (D)
  2 vault guards (D)
  4 hydras (D)
  A deep troll earth mage (D)
  A hell knight (D)
  5 swamp dragons (D)
  A deep elf mage (D)
  A necromancer (D)
  A guardian serpent (D)
  A hornet (D)
  A jumping spider (D)
  A bog body (D)
  A slime creature (D)
  A naga (D)
  A swamp drake (D)
  A giant cockroach simulacrum (D)
37 creatures vanquished.

Vanquished Creatures (others)
  A hippogriff (D)
  2 humans (D)
  A killer bee (D)
  5 blocks of ice (D)
  2 fire vortices (D)
11 creatures vanquished.

Grand Total: 486 creatures vanquished

Notes
Turn   | Place    | Note
-------+----------+-------------------------------------------
     0 | D        | MordorOrchid the Gnoll Venom Mage began the quest for the
                  | Orb.
     0 | D        | Reached XP level 1. HP: 13/13 MP: 6/6
    14 | D        | Reached skill level 5 in Spellcasting
    17 | D        | Reached skill level 1 in Invocations
    61 | D        | Noticed an ogre
    61 | D        | Noticed a jelly
    73 | D        | Killed a jelly
    73 | D        | Reached skill level 5 in Dodging
    73 | D        | Reached skill level 1 in Conjurations
    73 | D        | Reached skill level 1 in Hexes
    73 | D        | Reached skill level 1 in Charms
    73 | D        | Reached skill level 1 in Summonings
    73 | D        | Reached skill level 1 in Necromancy
    73 | D        | Reached skill level 1 in Translocations
    73 | D        | Reached skill level 1 in Fire Magic
    73 | D        | Reached skill level 1 in Ice Magic
    73 | D        | Reached skill level 1 in Air Magic
    73 | D        | Reached skill level 1 in Earth Magic
    73 | D        | Reached skill level 2 in Invocations
    73 | D        | Reached XP level 2. HP: 16/22 MP: 4/8
    73 | D        | Reached XP level 3. HP: 20/27 MP: 4/9
    79 | D        | Learned a level 3 spell: Mephitic Cloud
    82 | D        | Learned a level 2 spell: Poisonous Vapours
    86 | D        | Learned a level 3 spell: Ignite Poison
   174 | D        | Killed an ogre
   174 | D        | Reached skill level 5 in Stealth
   174 | D        | Reached skill level 3 in Invocations
   174 | D        | Reached XP level 4. HP: 30/35 MP: 0/12
   174 | D        | Reached XP level 5. HP: 35/41 MP: 0/13
   215 | D        | Found a roughly hewn altar of Beogh.
   215 | D        | Found a snail-covered altar of Cheibriados.
   215 | D        | Found a shadowy altar of Dithmenos.
   215 | D        | Found a white marble altar of Elyvilon.
   215 | D        | Found a blossoming altar of Fedhas.
   215 | D        | Found an opulent altar of Gozag.
   216 | D        | Found a hazy altar of Hepliaklqana.
   217 | D        | Found a viscous altar of Jiyva.
   218 | D        | Found an ancient bone altar of Kikubaaqudgha.
   219 | D        | Found a corrupted altar of Lugonu.
   220 | D        | Found a burning altar of Makhleb.
   221 | D        | Found a sparkling altar of Nemelex Xobeh.
   222 | D        | Found an iron altar of Okawaru.
   223 | D        | Found a stormy altar of Qazlal.
   224 | D        | Found a sacrificial altar of Ru.
   225 | D        | Found a shimmering blue altar of Sif Muna.
   226 | D        | Found a bloodstained altar of Trog.
   227 | D        | Found a hide-covered altar of Uskayaw.
   228 | D        | Found a radiant altar of Vehumet.
   229 | D        | Found an ornate altar of the Wu Jian Council.
   230 | D        | Found a shimmering altar of Xom.
   231 | D        | Found a basalt altar of Yredelemnul.
   232 | D        | Found a glowing silver altar of Zin.
   233 | D        | Became a worshipper of Sif Muna the Loreminder
   234 | D        | Found a glowing golden altar of the Shining One.
   301 | D        | Learned a level 4 spell: Olgreb's Toxic Radiance
   302 | D        | Noticed a centaur
   302 | D        | Noticed a black bear
   306 | D        | Killed a black bear
   306 | D        | Reached skill level 4 in Invocations
   306 | D        | Reached XP level 6. HP: 45/48 MP: 10/15
   308 | D        | Reached * piety under Sif Muna
   308 | D        | Reached skill level 5 in Invocations
   319 | D        | Noticed a death knight
   319 | D        | Noticed a hippogriff
   319 | D        | Noticed a centaur warrior
   319 | D        | Noticed a troll
   321 | D        | Reached ** piety under Sif Muna
   325 | D        | Killed a troll
   325 | D        | Reached skill level 5 in Fighting
   325 | D        | Reached skill level 5 in Short Blades
   325 | D        | Reached skill level 5 in Long Blades
   325 | D        | Reached skill level 5 in Axes
   325 | D        | Reached skill level 5 in Maces & Flails
   325 | D        | Reached skill level 5 in Polearms
   325 | D        | Reached skill level 5 in Staves
   325 | D        | Reached skill level 5 in Slings
   325 | D        | Reached skill level 5 in Bows
   325 | D        | Reached skill level 5 in Crossbows
   325 | D        | Reached skill level 5 in Throwing
   325 | D        | Reached skill level 5 in Armour
   325 | D        | Reached skill level 5 in Shields
   325 | D        | Reached skill level 5 in Unarmed Combat
   325 | D        | Reached skill level 5 in Evocations
   325 | D        | Reached XP level 7. HP: 53/56 MP: 1/17
   325 | D        | Killed a centaur warrior
   325 | D        | Reached skill level 5 in Transmutations
   325 | D        | Reached skill level 6 in Invocations
   325 | D        | Reached XP level 8. HP: 60/64 MP: 1/19
   337 | D        | Killed a hippogriff
   337 | D        | Reached skill level 5 in Conjurations
   337 | D        | Reached skill level 5 in Hexes
   337 | D        | Reached skill level 5 in Charms
   337 | D        | Reached skill level 5 in Summonings
   337 | D        | Reached skill level 5 in Necromancy
   337 | D        | Reached skill level 5 in Translocations
   337 | D        | Reached skill level 5 in Fire Magic
   337 | D        | Reached skill level 5 in Ice Magic
   337 | D        | Reached skill level 5 in Air Magic
   337 | D        | Reached skill level 5 in Earth Magic
   343 | D        | Killed a death knight
   343 | D        | Reached *** piety under Sif Muna
   343 | D        | Reached skill level 7 in Invocations
   343 | D        | Reached XP level 9. HP: 71/71 MP: 0/21
   486 | D        | Noticed a five-headed hydra
   486 | D        | Noticed a black mamba
   493 | D        | Killed a five-headed hydra
   493 | D        | Reached skill level 8 in Invocations
   493 | D        | Reached **** piety under Sif Muna
   503 | D        | Killed a black mamba
   521 | D        | Reached ***** piety under Sif Muna
   521 | D        | Reached skill level 9 in Invocations
   521 | D        | Reached XP level 10. HP: 14/80 MP: 4/23
   722 | D        | Identified Sif Muna's Catalogue of Evil Intoxication (Sif
                  | Muna gifted it to you in the Dungeon)
   722 | D        | Received a gift from Sif Muna
   725 | D        | Reached skill level 10 in Spellcasting
   764 | D        | Received a gift from Sif Muna
   764 | D        | Reached skill level 10 in Dodging
   765 | D        | Reached skill level 10 in Stealth
   767 | D        | Reached skill level 10 in Invocations
   829 | D        | Learned a level 4 spell: Summon Lightning Spire
   849 | D        | Noticed Joseph
   858 | D        | Killed Joseph
   858 | D        | Identified Sif Muna's Catalogue of Augmentations (Sif Muna
                  | gifted it to you in the Dungeon)
   858 | D        | Received a gift from Sif Muna
   869 | D        | Noticed Grum
   870 | D        | Noticed Josephine
   873 | D        | Reached XP level 11. HP: 64/89 MP: 19/25
   880 | D        | Killed Grum
   881 | D        | Killed Josephine
   993 | D        | Noticed an orc high priest
   995 | D        | Received a gift from Sif Muna
   997 | D        | Killed an orc high priest
   997 | D        | Reached skill level 10 in Fighting
   997 | D        | Reached skill level 10 in Short Blades
   997 | D        | Reached skill level 10 in Long Blades
   997 | D        | Reached skill level 10 in Axes
   997 | D        | Reached skill level 10 in Maces & Flails
   997 | D        | Reached skill level 10 in Polearms
   997 | D        | Reached skill level 10 in Staves
   997 | D        | Reached skill level 10 in Slings
   997 | D        | Reached skill level 10 in Bows
   997 | D        | Reached skill level 10 in Crossbows
   997 | D        | Reached skill level 10 in Throwing
   997 | D        | Reached skill level 10 in Armour
   997 | D        | Reached skill level 10 in Shields
   997 | D        | Reached skill level 10 in Unarmed Combat
   997 | D        | Reached skill level 10 in Poison Magic
   997 | D        | Reached skill level 10 in Evocations
  1004 | D        | Learned a level 3 spell: Conjure Flame
  1010 | D        | Noticed a stone giant
  1013 | D        | Reached ****** piety under Sif Muna
  1013 | D        | Identified Sif Muna's Guide on Aid and Lightness (Sif Muna
                  | gifted it to you in the Dungeon)
  1013 | D        | Received a gift from Sif Muna
  1026 | D        | Killed a stone giant
  1026 | D        | Reached skill level 11 in Invocations
  1202 | D        | Learned a level 6 spell: Freezing Cloud
  1220 | D        | Identified Sif Muna's Tome of Summoning and the Volcanoes
                  | (Sif Muna gifted it to you in the Dungeon)
  1220 | D        | Received a gift from Sif Muna
  1248 | D        | Found Moyly's Antique Weapon Boutique.
  1248 | D        | Noticed an orc knight
  1248 | D        | Noticed an orc knight
  1248 | D        | Noticed an orc knight
  1253 | D        | Killed an orc knight
  1253 | D        | Identified Sif Muna's Incunabulum of Destructive Dark Magic
                  | (Sif Muna gifted it to you in the Dungeon)
  1253 | D        | Received a gift from Sif Muna
  1253 | D        | Killed an orc knight
  1254 | D        | Killed an orc knight
  1258 | D        | Found Isafidaq's Magic Scroll Shop.
  1271 | D        | Found Acasa's Gadget Boutique.
  1282 | D        | Found Foceraec's Weapon Shop.
  1290 | D        | Bought a scroll of fog for 28 gold pieces
  1290 | D        | Bought a scroll of fog for 28 gold pieces
  1295 | D        | Received a gift from Sif Muna
  1320 | D        | Bought a scroll of magic mapping for 49 gold pieces
  1320 | D        | Bought a scroll of vulnerability for 105 gold pieces
  1323 | D        | Bought a lightning rod (4/4) for 560 gold pieces
  1323 | D        | Bought a phantom mirror for 420 gold pieces
  1323 | D        | Bought a phantom mirror for 420 gold pieces
  1323 | D        | Bought a wand of iceblast (8) for 168 gold pieces
  1325 | D        | Bought a scroll of amnesia for 49 gold pieces
  1325 | D        | Bought a scroll of amnesia for 49 gold pieces
  1357 | D        | Noticed Maurice
  1369 | D        | Killed Maurice
  1369 | D        | Reached XP level 12. HP: 80/99 MP: 21/27
  1518 | D        | Noticed a centaur warrior
  1520 | D        | Noticed a tengu reaver
  1524 | D        | Noticed a fire dragon
  1528 | D        | Killed a centaur warrior
  1528 | D        | Reached skill level 12 in Invocations
  1533 | D        | Killed a tengu reaver
  1533 | D        | Identified Bixavy's Reference Book on Orientation and
                  | Battle Magic (Sif Muna gifted it to you in the Dungeon)
  1533 | D        | Received a gift from Sif Muna
  1540 | D        | Killed a fire dragon
  1540 | D        | Reached skill level 10 in Transmutations
  1559 | D        | Noticed an ogre mage
  1566 | D        | Killed an ogre mage
  1580 | D        | Noticed an ettin
  1584 | D        | Noticed a vampire mage
  1595 | D        | Killed an ettin
  1595 | D        | Reached skill level 10 in Conjurations
  1595 | D        | Reached skill level 10 in Hexes
  1595 | D        | Reached skill level 10 in Charms
  1595 | D        | Reached skill level 10 in Summonings
  1595 | D        | Reached skill level 10 in Necromancy
  1595 | D        | Reached skill level 10 in Translocations
  1595 | D        | Reached skill level 10 in Fire Magic
  1595 | D        | Reached skill level 10 in Ice Magic
  1595 | D        | Reached skill level 10 in Air Magic
  1595 | D        | Reached skill level 10 in Earth Magic
  1595 | D        | Killed a vampire mage
  1780 | D        | Identified Sif Muna's Collected Works on Destructive Ice
                  | (Sif Muna gifted it to you in the Dungeon)
  1780 | D        | Received a gift from Sif Muna
  1796 | D        | Noticed Azrael
  1805 | D        | Killed Azrael
  2006 | D        | Noticed a shock serpent
  2021 | D        | Learned a level 5 spell: Irradiate
  2024 | D        | Learned a level 2 spell: Blink
  2037 | D        | Identified Ydwytt's Grimoire of Mutagenic Malediction (Sif
                  | Muna gifted it to you in the Dungeon)
  2037 | D        | Received a gift from Sif Muna
  2037 | D        | Reached skill level 13 in Invocations
  2039 | D        | Reached XP level 13. HP: 100/108 MP: 14/29
  2078 | D        | Received a gift from Sif Muna
  2085 | D        | Noticed a merfolk impaler
  2091 | D        | Killed a merfolk impaler
  2113 | D        | Learned a level 5 spell: Lightning Bolt
  2118 | D        | Identified Sif Muna's Reference Book on Freezing Summoning
                  | (Sif Muna gifted it to you in the Dungeon)
  2118 | D        | Received a gift from Sif Muna
  2130 | D        | Identified Sif Muna's Volume of Feathery Aid (Sif Muna
                  | gifted it to you in the Dungeon)
  2130 | D        | Received a gift from Sif Muna
  2305 | D        | Reached skill level 14 in Invocations
  2308 | D        | Identified Siacag Ceung's Handbook of Ice and Earth (Sif
                  | Muna gifted it to you in the Dungeon)
  2308 | D        | Received a gift from Sif Muna
  2383 | D        | Noticed Kirke
  2389 | D        | Killed Kirke
  2461 | D        | Noticed an ettin
  2461 | D        | Noticed an ettin
  2461 | D        | Noticed an ice dragon
  2465 | D        | Noticed a yaktaur captain
  2467 | D        | Killed an ettin
  2467 | D        | Killed an ettin
  2467 | D        | Received a gift from Sif Muna
  2467 | D        | Reached XP level 14. HP: 112/118 MP: 4/32
  2475 | D        | Noticed a fire giant
  2475 | D        | Noticed a stone giant
  2478 | D        | Killed a stone giant
  2479 | D        | Noticed a storm dragon
  2480 | D        | Killed a fire giant
  2488 | D        | HP: 4/119 [yaktaur captain/bolt (33)]
  2490 | D        | Reached skill level 15 in Invocations
  2491 | D        | Killed a storm dragon
  2491 | D        | Identified Sif Muna's Tome of Companions (Sif Muna gifted
                  | it to you in the Dungeon)
  2491 | D        | Received a gift from Sif Muna
  2603 | D        | Noticed a frost giant
  2679 | D        | Killed a frost giant
  2752 | D        | Noticed a stone giant
  2762 | D        | Killed a stone giant
  2801 | D        | Noticed a frost giant
  2804 | D        | Killed a frost giant
  2804 | D        | Reached skill level 15 in Spellcasting
  2823 | D        | Noticed a vault warden
  2826 | D        | Received a gift from Sif Muna
  2833 | D        | Killed a vault warden
  2833 | D        | Reached skill level 15 in Dodging
  2836 | D        | Reached skill level 15 in Stealth
  2840 | D        | Identified Sif Muna's Papyrus of Damaging Summoning (Sif
                  | Muna gifted it to you in the Dungeon)
  2840 | D        | Received a gift from Sif Muna
  2855 | D        | Noticed a frost giant
  2859 | D        | Noticed a stone giant
  2862 | D        | Killed a frost giant
  2870 | D        | Killed a stone giant
  2878 | D        | Reached skill level 16 in Invocations
  2891 | D        | Received a gift from Sif Muna
  2982 | D        | Noticed Nikola
  2989 | D        | Killed Nikola
  2989 | D        | Reached skill level 15 in Fighting
  2989 | D        | Reached skill level 15 in Short Blades
  2989 | D        | Reached skill level 15 in Long Blades
  2989 | D        | Reached skill level 15 in Axes
  2989 | D        | Reached skill level 15 in Maces & Flails
  2989 | D        | Reached skill level 15 in Polearms
  2989 | D        | Reached skill level 15 in Staves
  2989 | D        | Reached skill level 15 in Slings
  2989 | D        | Reached skill level 15 in Bows
  2989 | D        | Reached skill level 15 in Crossbows
  2989 | D        | Reached skill level 15 in Throwing
  2989 | D        | Reached skill level 15 in Armour
  2989 | D        | Reached skill level 15 in Shields
  2989 | D        | Reached skill level 15 in Unarmed Combat
  2989 | D        | Reached skill level 15 in Evocations
  2989 | D        | Reached XP level 15. HP: 118/129 MP: 24/34
  3027 | D        | Noticed Frederick
  3032 | D        | Killed Frederick
  3178 | D        | Learned a level 7 spell: Spellforged Servitor
  3214 | D        | Noticed Mennas
  3217 | D        | Killed Mennas
  3279 | D        | Noticed Ilsuiw
  3282 | D        | Identified Kuom's Incunabulum of Damaging Execration (Sif
                  | Muna gifted it to you in the Dungeon)
  3282 | D        | Received a gift from Sif Muna
  3283 | D        | Reached skill level 17 in Invocations
  3290 | D        | Killed Ilsuiw
  3306 | D        | Identified Sif Muna's Grimoire of Supportive Aid (Sif Muna
                  | gifted it to you in the Dungeon)
  3306 | D        | Received a gift from Sif Muna
  3370 | D        | Got a barnacled rune of Zot
  3398 | D        | Noticed a nagaraja
  3398 | D        | Noticed a nagaraja
  3398 | D        | Noticed a nagaraja
  3398 | D        | Noticed a nagaraja
  3398 | D        | Noticed a nagaraja
  3401 | D        | Killed a nagaraja
  3402 | D        | Killed a nagaraja
  3403 | D        | Killed a nagaraja
  3403 | D        | Identified Fuoxuops's Tome of Ice (Sif Muna gifted it to
                  | you in the Dungeon)
  3403 | D        | Received a gift from Sif Muna
  3403 | D        | Killed a nagaraja
  3403 | D        | Noticed a nagaraja
  3404 | D        | Killed a nagaraja
  3404 | D        | Reached skill level 15 in Poison Magic
  3411 | D        | Killed a nagaraja
  3412 | D        | Noticed a nagaraja
  3420 | D        | Killed a nagaraja
  3423 | D        | Noticed a nagaraja
  3432 | D        | Killed a nagaraja
  3442 | D        | Noticed a nagaraja
  3444 | D        | Reached XP level 16. HP: 74/139 MP: 15/37
  3451 | D        | Killed a nagaraja
  3451 | D        | Identified Sif Muna's Incunabulum of Flamy Curses (Sif Muna
                  | gifted it to you in the Dungeon)
  3451 | D        | Received a gift from Sif Muna
  3468 | D        | Got a serpentine rune of Zot
  3573 | D        | Reached skill level 18 in Invocations
  3577 | D        | Received a gift from Sif Muna
  3638 | D        | Got a decaying rune of Zot
  3650 | D        | Identified Sif Muna's Collected Works on Dislocation (Sif
                  | Muna gifted it to you in the Dungeon)
  3650 | D        | Received a gift from Sif Muna
  3684 | D        | Identified Sif Muna's Catalogue of Mutagenic Creation (Sif
                  | Muna gifted it to you in the Dungeon)
  3684 | D        | Received a gift from Sif Muna
  3742 | D        | Reached skill level 15 in Transmutations
  3773 | D        | Got a gossamer rune of Zot
  3853 | D        | Noticed Jory
  3854 | D        | Killed Jory
  3854 | D        | Reached skill level 15 in Conjurations
  3854 | D        | Reached skill level 15 in Hexes
  3854 | D        | Reached skill level 15 in Charms
  3854 | D        | Reached skill level 15 in Summonings
  3854 | D        | Reached skill level 15 in Necromancy
  3854 | D        | Reached skill level 15 in Translocations
  3854 | D        | Reached skill level 15 in Fire Magic
  3854 | D        | Reached skill level 15 in Ice Magic
  3854 | D        | Reached skill level 15 in Air Magic
  3854 | D        | Reached skill level 15 in Earth Magic
  3888 | D        | Identified Cieheage's Papyrus of Creative Execration (Sif
                  | Muna gifted it to you in the Dungeon)
  3888 | D        | Received a gift from Sif Muna
  3907 | D        | Identified Qiadunuv's Collected Works on Unstable Ice (Sif
                  | Muna gifted it to you in the Dungeon)
  3907 | D        | Received a gift from Sif Muna
  3916 | D        | Reached skill level 19 in Invocations
  3987 | D        | Received a gift from Sif Muna
  4079 | D        | Received a gift from Sif Muna
  4115 | D        | Reached XP level 17. HP: 150/150 MP: 25/39
  4128 | D        | Received a gift from Sif Muna
  4157 | D        | Learned a level 6 spell: Statue Form
  4174 | D        | Learned a level 5 spell: Borgnjor's Vile Clutch
  4194 | D        | Identified Sif Muna's Grimoire of Burning Snow (Sif Muna
                  | gifted it to you in the Dungeon)
  4194 | D        | Received a gift from Sif Muna
  4253 | D        | Reached skill level 20 in Invocations
  4258 | D        | Noticed an ancient lich
  4263 | D        | Identified Sif Muna's Almanac of Supportive Conjuration
                  | (Sif Muna gifted it to you in the Dungeon)
  4263 | D        | Received a gift from Sif Muna
  4273 | D        | Noticed a tentacled monstrosity
  4274 | D        | Killed an ancient lich
  4282 | D        | Killed a tentacled monstrosity
  4290 | D        | Found the +11 plutonium sword {*Contam Stlth-}
  4307 | D        | Got a silver rune of Zot
  4338 | D        | Noticed Xtahua
  4342 | D        | Killed Xtahua
  4354 | D        | Noticed Boris
  4358 | D        | Killed Boris
  4410 | D        | Got the ring of Nuarph Udim {rF+ rN+}
  4414 | D        | Got the amulet "Cedur" {RegenMP Fragile rN+ Dex+2}
  4418 | D        | Got the amulet of Fucloh {Reflect rC- Str+7 Dex+3 SH+5}
  4421 | D        | Got the ring of the Serpent {Wiz Int+2}
  4431 | D        | Got the +5 double sword "Yghuch" {freeze, MP+9 Int-4 Dex+4
                  | SInv}
  4551 | D        | Noticed Margery
  4559 | D        | Killed Margery
  4559 | D        | Identified Sif Muna's Almanac of Doomed Attacks (Sif Muna
                  | gifted it to you in the Dungeon)
  4559 | D        | Received a gift from Sif Muna
  4559 | D        | Reached skill level 21 in Invocations
  4641 | D        | Learned a level 8 spell: Ignition
  4646 | D        | Identified Wygodghin's Reference Book on Venomous
                  | Displacement (Sif Muna gifted it to you in the Dungeon)
  4646 | D        | Received a gift from Sif Muna
  4681 | D        | Noticed a bone dragon
  4684 | D        | Identified Sif Muna's Papyrus of Creation and Confrontation
                  | (Sif Muna gifted it to you in the Dungeon)
  4684 | D        | Received a gift from Sif Muna
  4696 | D        | Killed a bone dragon
  4696 | D        | Reached XP level 18. HP: 48/162 MP: 9/42
  4986 | D        | Noticed an electric golem
  4988 | D        | Identified Sif Muna's Handbook of Air and Attacks (Sif Muna
                  | gifted it to you in the Dungeon)
  4988 | D        | Received a gift from Sif Muna
  4999 | D        | Killed an electric golem
  5036 | D        | Noticed a tentacled monstrosity
  5044 | D        | Identified Sif Muna's Incunabulum of Transformation (Sif
                  | Muna gifted it to you in the Dungeon)
  5044 | D        | Received a gift from Sif Muna
  5048 | D        | Reached skill level 22 in Invocations
  5051 | D        | Killed a tentacled monstrosity
  5056 | D        | Noticed a tentacled monstrosity
  5062 | D        | Killed a tentacled monstrosity
  5085 | D        | Noticed a Killer Klown
  5087 | D        | Identified Sif Muna's Grimoire of the Entrancing Voyage
                  | (Sif Muna gifted it to you in the Dungeon)
  5087 | D        | Received a gift from Sif Muna
  5094 | D        | Killed a Killer Klown
  5114 | D        | Noticed a tentacled monstrosity
  5117 | D        | Received a gift from Sif Muna
  5122 | D        | Killed a tentacled monstrosity
  5234 | D        | Noticed an Orb Guardian
  5234 | D        | Noticed an Orb Guardian
  5234 | D        | Noticed an Orb Guardian
  5234 | D        | Noticed an Orb Guardian
  5234 | D        | Noticed an Orb Guardian
  5234 | D        | Noticed an Orb Guardian
  5236 | D        | Killed an Orb Guardian
  5236 | D        | Reached skill level 23 in Invocations
  5237 | D        | Killed an Orb Guardian
  5237 | D        | Received a gift from Sif Muna
  5237 | D        | Killed an Orb Guardian
  5237 | D        | Killed an Orb Guardian
  5237 | D        | Noticed an Orb Guardian
  5238 | D        | Killed an Orb Guardian
  5238 | D        | Reached XP level 19. HP: 174/174 MP: 26/45
  5246 | D        | Received a gift from Sif Muna
  5272 | D        | Reached skill level 24 in Invocations
  5272 | D        | Received a gift from Sif Muna
  5299 | D        | Learned a level 9 spell: Absolute Zero
  5299 | D        | Noticed an ancient lich
  5300 | D        | Killed an ancient lich
  5308 | D        | Noticed an orb of fire
  5309 | D        | Killed an orb of fire
  5309 | D        | Noticed an electric golem
  5310 | D        | Killed an electric golem
  5319 | D        | Noticed an electric golem
  5319 | D        | Noticed an ancient lich
  5319 | D        | Noticed an orb of fire
  5319 | D        | Noticed an ancient lich
  5319 | D        | Noticed an ancient lich
  5321 | D        | Noticed an orb of fire
  5325 | D        | Killed an ancient lich
  5326 | D        | Killed an ancient lich
  5326 | D        | Identified Dohefac's Disquisition on the Lucky Rocks (Sif
                  | Muna gifted it to you in the Dungeon)
  5326 | D        | Received a gift from Sif Muna
  5327 | D        | Killed an orb of fire
  5327 | D        | Reached skill level 25 in Invocations
  5330 | D        | Killed an ancient lich
  5330 | D        | Reached XP level 20. HP: 186/186 MP: 39/47
  5331 | D        | Killed an orb of fire
  5332 | D        | Killed an electric golem
  5332 | D        | Noticed a Killer Klown
  5351 | D        | Killed a Killer Klown
  5352 | D        | Noticed an ancient lich
  5354 | D        | Killed an ancient lich
  5362 | D        | Noticed an ancient lich
  5364 | D        | Killed an ancient lich
  5364 | D        | Reached skill level 26 in Invocations
  5364 | D        | Noticed an orb of fire
  5366 | D        | Killed an orb of fire
  5506 | D        | Learned a level 8 spell: Necromutation
  5508 | D        | Noticed an ancient lich
  5508 | D        | Noticed an ancient lich
  5510 | D        | Killed an ancient lich
  5510 | D        | Reached XP level 21. HP: 144/198 MP: 23/50
  5511 | D        | Reached skill level 27 in Invocations
  5514 | D        | Noticed an ancient lich
  5516 | D        | Killed an ancient lich
  5516 | D        | Noticed an ancient lich
  5517 | D        | Killed an ancient lich
  5524 | D        | Killed an ancient lich
  5585 | D        | Got an elven rune of Zot
  5620 | D        | HP: 5/202 [acid blob/splash of acid (16)]
  5620 | D        | Splashed by an acid blob's acid

Illustrated notes

Levels and vault maps discovered:
D:        linesprint [early_d, line_temple, items_1, d_10, items_2, lair_1,
          lair_end, items_3, orc_1, orc_end, items_4, d_15, swamp_1, shoals_1,
          snake_1, spider_1, d_20, vaults_1, items_5, swamp_end, shoals_end,
          snake_end, spider_end, vaults_end, d_27, items_6, zot_1, zot_end,
          crypt_end, forest_end, elf_end, slime_end, tomb_end, abyss_end,
          pan_hell_end]

Skill      XL: |  1  2  3  4  5  6  7  8  9 10 11 12 13 14 15 16 17 18 19 20 21 |
---------------+----------------------------------------------------------------+-----
Transmutations | 2 3 4 5 6 7 8 9 10 11 13 14 15 17 19 20 22 23 | 23.1
Spellcasting   | 5 6 7 8 9 10 11 12 14 15 17 18 20 22 23 25 26 | 26.7
Invocations    | 2 3 4 5 6 7 9 10 11 13 14 16 17 19 21 23 25 26 27 | 27.0
Fighting       | 2 3 4 5 6 8 9 10 12 13 15 16 18 20 21 23 25 26 | 26.5
Short Blades   | 2 3 4 5 6 8 9 10 12 13 15 16 18 20 21 23 25 26 | 26.5
Long Blades    | 2 3 4 5 6 8 9 10 12 13 15 16 18 20 21 23 25 26 | 26.5
Axes           | 2 3 4 5 6 8 9 10 12 13 15 16 18 20 21 23 25 26 | 26.5
Maces & Flails | 2 3 4 5 6 8 9 10 12 13 15 16 18 20 21 23 25 26 | 26.5
Polearms       | 2 3 4 5 6 8 9 10 12 13 15 16 18 20 21 23 25 26 | 26.5
Staves         | 2 3 4 5 6 8 9 10 12 13 15 16 18 20 21 23 25 26 | 26.5
Slings         | 2 3 4 5 6 8 9 10 12 13 15 16 18 20 21 23 25 26 | 26.5
Bows           | 2 3 4 5 6 8 9 10 12 13 15 16 18 20 21 23 25 26 | 26.5
Crossbows      | 2 3 4 5 6 8 9 10 12 13 15 16 18 20 21 23 25 26 | 26.5
Throwing       | 2 3 4 5 6 8 9 10 12 13 15 16 18 20 21 23 25 26 | 26.5
Armour         | 2 3 4 5 6 8 9 10 12 13 15 16 18 20 21 23 25 26 | 26.5
Dodging        | 5 6 7 8 9 10 11 12 14 15 17 18 20 22 23 25 26 | 26.7
Shields        | 2 3 4 5 6 8 9 10 12 13 15 16 18 20 21 23 25 26 | 26.5
Unarmed Combat | 2 3 4 5 6 8 9 10 12 13 15 16 18 20 21 23 25 26 | 26.5
Conjurations   | 1 2 3 4 5 6 7 9 10 11 13 14 15 17 18 20 21 23 | 23.1
Hexes          | 1 2 3 4 5 6 7 9 10 11 13 14 15 17 18 20 21 23 | 23.1
Charms         | 1 2 3 4 5 6 7 9 10 11 13 14 15 17 18 20 21 23 | 23.1
Summonings     | 1 2 3 4 5 6 7 9 10 11 13 14 15 17 18 20 21 23 | 23.1
Necromancy     | 1 2 3 4 5 6 7 9 10 11 13 14 15 17 18 20 21 23 | 23.1
Translocations | 1 2 3 4 5 6 7 9 10 11 13 14 15 17 18 20 21 23 | 23.1
Fire Magic     | 1 2 3 4 5 6 7 9 10 11 13 14 15 17 18 20 21 23 | 23.1
Ice Magic      | 1 2 3 4 5 6 7 9 10 11 13 14 15 17 18 20 21 23 | 23.1
Air Magic      | 1 2 3 4 5 6 7 9 10 11 13 14 15 17 18 20 21 23 | 23.1
Earth Magic    | 1 2 3 4 5 6 7 9 10 11 13 14 15 17 18 20 21 23 | 23.1
Evocations     | 2 3 4 5 6 8 9 10 12 13 15 16 18 20 21 23 25 26 | 26.5
Stealth        | 5 6 7 8 9 10 11 12 14 15 17 18 20 22 23 25 26 | 26.6
Poison Magic   | 6 7 8 9 10 11 12 13 15 16 17 19 20 22 23 | 23.4

Action                   |  1- 3 |  4- 6 |  7- 9 | 10-12 | 13-15 | 16-18 | 19-21 || total
-------------------------+-------+-------+-------+-------+-------+-------+-------++-------
Melee: Unarmed           |     2 |       |       |       |       |       |       ||     2
       Dagger            |     5 |    14 |       |       |       |       |       ||    19
       Bite              |     1 |     5 |     1 |     3 |    16 |    12 |     2 ||    40
       Rapier            |       |     3 |     2 |     1 |     1 |    53 |       ||    60
       Punch             |       |     1 |       |       |       |       |       ||     1
       Scimitar          |       |       |     3 |     8 |    53 |    12 |     5 ||    81
       Staff             |       |       |       |       |       |     1 |       ||     1
       Trishula          |       |       |       |       |       |     2 |       ||     2
 Fire: Longbow           |       |       |       |    25 |       |       |       ||    25
Throw: Javelin           |       |       |       |       |     2 |    79 |    25 ||   106
 Cast: Sting             |    12 |       |     3 |    12 |     1 |       |       ||    28
       Poisonous Vapours |     3 |     1 |     1 |     4 |    10 |     2 |       ||    21
       Mephitic Cloud    |     1 |     1 |     6 |    32 |    15 |    15 |       ||    70
       Olgreb's Toxic Ra |       |     2 |       |    17 |     8 |     2 |       ||    29
       Ignite Poison     |       |     1 |     5 |    35 |    22 |    16 |       ||    79
       Freezing Cloud    |       |       |       |     7 |    19 |    15 |     1 ||    42
       Summon Lightning  |       |       |       |     1 |    10 |       |       ||    11
       Fire Storm        |       |       |       |     1 |     1 |       |       ||     2
       Lightning Bolt    |       |       |       |       |    65 |    21 |       ||    86
       Absolute Zero     |       |       |       |       |     5 |     3 |    18 ||    26
       Spellforged Servi |       |       |       |       |     2 |    22 |     5 ||    29
       Conjure Flame     |       |       |       |       |     1 |       |       ||     1
       Irradiate         |       |       |       |       |       |     2 |       ||     2
       Borgnjor's Vile C |       |       |       |       |       |    38 |    22 ||    60
       Ignition          |       |       |       |       |       |    15 |    27 ||    42
       Statue Form       |       |       |       |       |       |     4 |     2 ||     6
       Necromutation     |       |       |       |       |       |       |     1 ||     1
Invok: Channel Magic     |       |       |       |     7 |    14 |    11 |    11 ||    43
       Divine Exegesis   |       |       |       |     1 |     6 |     3 |       ||    10
Evoke: Staff of energy   |       |     1 |    10 |    24 |    10 |     3 |       ||    48
  Use: Potion            |     1 |     1 |       |     3 |     2 |     1 |       ||     8
       Scroll            |       |       |     2 |     4 |     2 |     8 |     1 ||    17
 Stab: Confused          |     1 |       |       |       |       |     1 |       ||     2
       Sleeping          |       |     1 |       |       |       |       |       ||     1
       Invisible         |       |       |     1 |       |       |       |       ||     1
  Eat: Chunk             |       |       |       |     9 |     8 |    11 |     3 ||    31
       Ration            |       |       |       |       |     1 |       |       ||     1
Armor: Robe              |       |       |     1 |     1 |     1 |     1 |     3 ||     7
       Animal skin       |       |       |       |     3 |     8 |       |       ||    11
       Swamp dragon scal |       |       |       |       |       |    24 |       ||    24
       Gold dragon scale |       |       |       |       |       |     1 |       ||     1
       Skin              |       |       |       |       |       |    11 |     5 ||    16
Dodge: Dodged            |     6 |     8 |    10 |    31 |    42 |    98 |    32 ||   227
Block: Buckler           |       |       |       |     6 |    18 |    33 |    17 ||    74
       Rpst.: Scimitar   |       |       |     1 |     2 |     3 |       |       ||     6
